 Dungeon Crawl Stone Soup version 0.28-a0-537-g3bccd9ccbf (webtiles) character file.

Game seed: 2447509470810442073

104 Shayle the Grasshopper (level 4, 0/34 HPs)
             Began as a Demonspawn Warper on Sept 27, 2021.
             Slain by a hobgoblin (6 damage)
             ... on level 3 of the Dungeon.
             The game lasted 00:06:29 (2047 turns).

Shayle the Grasshopper (Demonspawn Warper)          Turns: 2047, Time: 00:06:30

Health: 0/34       AC:  3    Str: 11    XL:     4   Next: 52%
Magic:  7/7        EV: 12    Int: 16    God:
Gold:   79         SH:  0    Dex: 12    Spells: 3/8 levels left

rFire   . . .      SeeInvis .   a - +1 spear
rCold   . . .      Faith    .   (no shield)
rNeg    . . .      Spirit   .   b - +0 leather armour
rPois   .          Reflect  .   (no helmet)
rElec   .          Harm     .   (no cloak)
rCorr   .          Rampage  .   (no gloves)
Will    .....                   (no boots)
Stlth   +.........              (no amulet)
HPRegen 0.11/turn               (no ring)
MPRegen 0.20/turn               (no ring)

@: no status effects
A: talons 2, magic regeneration
a: no special abilities


You were on level 3 of the Dungeon.
You visited 1 branch of the dungeon, and saw 3 of its levels.

You collected 79 gold pieces.

Inventory:

Hand Weapons
 a - a +1 spear (weapon)
Armour
 b - a +0 leather armour (worn)
Scrolls
 f - a scroll of immolation
 h - a scroll of magic mapping


   Skills:
 + Level 2.8 Fighting
 + Level 2.4 Polearms
 - Level 0.8 Throwing
 - Level 0.8 Armour
 + Level 2.5 Dodging
 + Level 2.6 Spellcasting
 + Level 3.2 Translocations


You had 3 spell levels left.
You knew the following spells:

 Your Spells              Type           Power      Damage    Failure   Level
a - Blink                 Tloc           N/A        N/A       11%         2
b - Teleport Other        Tloc           12%        N/A       21%         3

Your spell library contained the following spells:

 Spells                   Type           Power      Damage    Failure   Level
 Gell's Gravitas          Tloc           6%         N/A       21%         3
 Lesser Beckoning         Tloc           12%        N/A       21%         3
 Manifold Assault         Tloc           12%        N/A       88%         5


Dungeon Overview and Level Annotations

Branches:
Dungeon (3/15)

Altars:

Annotations:
D:2 Jessica, Terence


Innate Abilities, Weirdness & Mutations

You have razor-sharp toenails.
You regenerate magic rapidly.


Message History

Things that are here:
a +0 club; a +0 leather armour; a ball python skeleton The hobgoblin throws a stone.
The stone hits you but does no damage.
The hobgoblin throws a stone.
The stone misses you.
Things that are here:
a +0 club; a +0 leather armour; a ball python skeleton
Items here: ))) [[ †††.
You barely miss the hobgoblin. Your kick misses the hobgoblin.
The hobgoblin closely misses you.
You hit the hobgoblin but do no damage.
The hobgoblin hits you with a +0 scimitar.
You closely miss the hobgoblin.
You claw the hobgoblin, but do no damage.
The hobgoblin barely misses you.
You closely miss the hobgoblin. Your kick misses the hobgoblin.
The hobgoblin barely misses you.
You hit the hobgoblin but do no damage. Your kick misses the hobgoblin.
The hobgoblin barely misses you.
You hit the hobgoblin but do no damage.
The hobgoblin hits you with a +0 scimitar!
You hit the hobgoblin but do no damage. You claw the hobgoblin.
The hobgoblin is heavily wounded.
The hobgoblin hits you with a +0 scimitar!
You barely miss the hobgoblin.
The hobgoblin is heavily wounded.
The hobgoblin hits you with a +0 scimitar.
* * * LOW HITPOINT WARNING * * *
You closely miss the hobgoblin. Your kick misses the hobgoblin.
The hobgoblin is heavily wounded.
The hobgoblin misses you.
You closely miss the hobgoblin.
The hobgoblin is heavily wounded.
The hobgoblin completely misses you.
You barely miss the hobgoblin.
The hobgoblin is heavily wounded.
The hobgoblin barely misses you.
You hit the hobgoblin but do no damage. You claw the hobgoblin.
The hobgoblin is severely wounded.
The hobgoblin hits you with a +0 scimitar.
You die...

***** ,,,,* ***,* ##########
**#.* #.g@)....# ,,#.######
##.######.# *,#......# #...###
#.#***** *.#......# #...o.#
#.#*,,,******
#.##.....####.....###.#*,,,,,,,,,
.........##............,,,,,,,,**
......##.##............,,,,,,,,*
......#..†.....###.....>,,,,,,,*
......#..#....## *.....o^,,,,,,*


You could see a hobgoblin.

Vanquished Creatures
  An orc wizard (D:3)
  An adder (D:3)
  An adder skeleton (D:2)
  A dart slug (D:1)
  2 worms (D:2)
  2 orcs (D:3)
  4 ball pythons
  3 endoplasms
  A giant cockroach (D:2)
  7 hobgoblins
  5 jackals
  A kobold (D:1)
  A quokka (D:2)
  2 bats (D:1)
  A frilled lizard (D:2)
  5 goblins
  7 rats
45 creatures vanquished.

Vanquished Creatures (others)
  An orc wizard (D:3)
1 creature vanquished.

Grand Total: 46 creatures vanquished

Notes
Turn   | Place    | Note
-------+----------+-------------------------------------------
     0 | D:1      | Shayle the Demonspawn Warper began the quest for the Orb.
     0 | D:1      | Reached XP level 1. HP: 16/16 MP: 3/3
   221 | D:1      | Gained mutation: You have sharp toenails. [demonic
                  | ancestry]
   221 | D:1      | Reached XP level 2. HP: 19/22 MP: 5/5
   468 | D:1      | Upgraded the game from 0.28-a0-535-g6f645e4c1d to
                  | 0.28-a0-537-g3bccd9ccbf
   770 | D:1      | Found a faded altar of an unknown god.
   958 | D:2      | Learned a level 2 spell: Blink
  1027 | D:2      | Gained mutation: You regenerate magic rapidly. [demonic
                  | ancestry]
  1027 | D:2      | Reached XP level 3. HP: 28/28 MP: 6/6
  1076 | D:2      | Reached skill level 3 in Translocations
  1178 | D:2      | Noticed Terence
  1411 | D:2      | Noticed Jessica
  1921 | D:3      | Learned a level 3 spell: Teleport Other
  1946 | D:3      | Gained mutation: You have razor-sharp toenails. [demonic
                  | ancestry]
  1946 | D:3      | Reached XP level 4. HP: 28/34 MP: 7/7
  2047 | D:3      | Slain by a hobgoblin

Illustrated notes

Levels and vault maps discovered:
D:1:      dpeg_arrival_short_road, layout_basic,
          shapermc_ecumenical_altar_acropolis
D:2:      layout_loops_cross, grunt_decor_junction, feat_on_display,
          uniq_jessica, uniq_terence
D:3:      layout_basic

Skill      XL: |  1  2  3 |
---------------+----------+-----
Polearms       | 2 |  2.4
Dodging        | 2 |  2.5
Translocations | 3 |  3.2
Fighting       | |  2.8
Throwing       | |  0.8
Armour         | |  0.8
Spellcasting   | |  2.6

Action                   |  1- 3 |  4- 6 || total
-------------------------+-------+-------++-------
Melee: Spear             |   140 |    25 ||   165
       Kick              |    25 |     7 ||    32
Throw: Boomerang         |     5 |       ||     5
 Cast: Blink             |       |     1 ||     1
  Use: Scroll            |     6 |       ||     6
       Potion            |     1 |       ||     1
Armor: Leather armour    |    36 |     6 ||    42
Dodge: Dodged            |    77 |    13 ||    90

Table legend: (Time is in decaauts)
 A = Elapsed time spent in this place.
 B = Non-inter-level travel time spent in this place.
 C = Inter-level travel time spent in this place.
 D = Time resting spent in this place.
 E = Time spent auto-exploring this place.
 F = Levels seen in this place.
 G = Mean time per level.
                   A        B        C        D        E       F      G
               +--------+--------+--------+--------+--------+-----+--------+
         Total |   2047 |   2026 |     21 |    167 |   1252 |   3 |  682.3 |
       Dungeon |   2047 |   2026 |     21 |    167 |   1252 |   3 |  682.3 |
               +--------+--------+--------+--------+--------+-----+--------+

Top non-repeatable levels by time:
     D:1: 934 daAuts
     D:3: 561 daAuts
     D:2: 551 daAuts
